[Event "Israel-ch Youth U8-18 2024"]
[Site "Kfar Saba"]
[Date "2024.04.21"]
[Round "7.11"]
[White "Sason, Noam"]
[Black "Vardi, Daniel"]
[Result "0-1"]
[ECO "B42"]
[WhiteElo "1903"]
[BlackElo "1937"]
[Annotator "TA"]
[PlyCount "56"]
[EventDate "2024.04.10"]
[EventType "swiss"]
[EventCountry "ISR"]
[SourceTitle "playchess.com"]
[Source "ChessBase"]
[SourceQuality "1"]
[TimeControl "5400+30"]

1. e4 c5 2. Nf3 e6 3. d4 cxd4 4. Nxd4 a6 5. Bd3 Bc5 6. Nb3 Ba7 7. Qf3 Ne7 8. Be3 {[%emt 0:00:29] Hoping for Bxa7.} Nbc6 9. Nc3 {[%emt 0:02:25] White has an edge.} O-O 10. O-O-O (10. Bxa7 {simplifies} Rxa7 11. O-O d6 12. Qe3) 10... b5 {[%emt 0:02:06] [#]} 11. e5 Qc7 12. Rhe1 Bb7 13. Bxa7 Rxa7 14. Qg3 h6 15. Nc5 Nd4 (15... Nb4 $11 16. Nxd7 Rc8 (16... Qxd7 $2 17. Bh7+ Kxh7 18. Rxd7 $18) 17. Nf6+ Kh8) 16. Nxb7 $14 Rxb7 17. Ne4 Ndf5 ({Black should play} 17... Rc8 $11) 18. Qf3 (18. Qh3 $14) 18... Nd5 (18... Ng6 $1 $11) 19. Qg4 (19. Nf6+ $14 Nxf6 20. exf6) 19... Rc8 $11 (19... Qxe5 20. Ng3 Nf6 21. Qxf5 $14) 20. Nf6+ Nxf6 21. exf6 g6 22. Rd2 (22. h4 $11) 22... Qa5 $1 $15 ({And not} 22... Qxh2 23. g3 Rb6 24. Qf3 $16) 23. a3 {[%emt 0:03:43][%mdl 8192] [#] Loses the game.} (23. Rde2 $11) 23... b4 $1 $19 24. Bxf5 $2 (24. a4 Qxa4 25. Kd1) 24... bxa3 $1 (24... exf5 25. Qf3 bxa3 26. Qxa3 $11 (26. Qxb7 $2 {loses.} a2 $19)) 25. bxa3 Qxa3+ ({Not} 25... Qxf5 26. Qxf5 gxf5 27. Re3 $11) 26. Kd1 exf5 27. Qh4 Rb1+ 28. Ke2 Re8+ {[%emt 0:00:01] Weighted Error Value: White=0.99/Black=0.15 (very precise) .  Loses game:     	White=1     	---        Mistake:       	White=5     	Black=3      Inaccurate:     	White=3     	Black=2      OK:         	White=2     	Black=6      Best:        	---       	Black=1      Strong:       	---       	Black=3} 0-1

[Event "Israel-ch Youth U8-18 2024"]
[Site "Kfar Saba"]
[Date "2024.04.21"]
[Round "7.12"]
[White "Margolin-Herman, Ofek"]
[Black "Aranovski, Maximilian"]
[Result "0-1"]
[ECO "B07"]
[WhiteElo "1612"]
[BlackElo "1758"]
[Annotator "NA COMBH"]
[PlyCount "128"]
[EventDate "2024.04.10"]
[EventType "swiss"]
[EventCountry "ISR"]
[SourceTitle "playchess.com"]
[Source "ChessBase"]
[SourceQuality "1"]
[TimeControl "5400+30"]

1. e4 d6 2. d4 Nf6 3. Nc3 g6 4. f3 c6 5. Be3 b5 6. Qd2 Qa5 7. g4 Nbd7 8. h4 Nb6 9. a3 Nc4 10. Bxc4 bxc4 11. Na2 Qc7 12. Ne2 Bg7 13. h5 Nd7 14. h6 Bf8 15. Qc3 d5 16. e5 e6 17. Rf1 c5 18. g5 cxd4 19. Bxd4 Be7 20. Qe3 Ba6 21. Nac3 Rb8 22. Rb1 Rb7 23. f4 Qb8 24. Nxd5 exd5 25. e6 Rg8 26. exd7+ Kxd7 27. Qh3+ Kd8 28. Qf3 Rd7 29. Kf2 Re8 30. Nc3 Bb7 31. Rfe1 Bd6 32. Rxe8+ Kxe8 33. Re1+ Re7 34. Rxe7+ Kxe7 35. Qe3+ Kd7 36. Bxa7 Qc7 37. Bb6 Qb8 38. Ne2 Bc7 39. Bd4 Bd6 40. Kg3 Kc7 41. Ba7 Qc8 42. Bb6+ Kb8 43. Nc3 Qf5 44. Bd8 Qxc2 45. Bf6 Qd3 46. Bd4 Qxe3+ 47. Bxe3 Kc7 48. Nb5+ Kd7 49. a4 Bb4 50. f5 Ba6 51. Nd4 Bb7 52. f6 Bc6 53. Nxc6 Kxc6 54. Kf4 Bd6+ 55. Kf3 Be5 56. Bc1 Kb6 57. Ke2 Ka5 58. Kd1 Kxa4 59. Kc2 d4 60. Bd2 d3+ 61. Kb1 Kb3 62. Bc1 Bd4 63. Bf4 Bxb2 64. Bd2 c3 0-1

[Event "Israel-ch Youth U8-18 2024"]
[Site "Kfar Saba"]
[Date "2024.04.21"]
[Round "7.13"]
[White "Ronin, Ilan"]
[Black "Blekh, Erik"]
[Result "0-1"]
[ECO "B22"]
[WhiteElo "1555"]
[BlackElo "1696"]
[Annotator "NA RC COMBH"]
[PlyCount "50"]
[EventDate "2024.04.10"]
[EventType "swiss"]
[EventCountry "ISR"]
[SourceTitle "playchess.com"]
[Source "ChessBase"]
[SourceQuality "1"]
[TimeControl "5400+30"]

1. e4 c5 2. c3 Nf6 3. e5 Nd5 4. d4 cxd4 5. cxd4 d6 6. Nf3 Nc6 7. Bc4 Nb6 8. Bb5 dxe5 9. Nxe5 Bd7 10. Nxd7 Qxd7 11. Nc3 e6 12. O-O Rd8 13. Bg5 Be7 14. Bxe7 Qxe7 15. Qf3 Nd5 16. Rac1 O-O 17. Nxd5 Rxd5 18. Bxc6 bxc6 19. Rxc6 Rxd4 20. h3 Rfd8 21. Rfc1 R4d7 22. Rc8 Qb4 23. Rxd8+ Rxd8 24. Qc3 Qf4 25. Qc7 Rd1+ 0-1

[Event "Israel-ch Youth U8-18 2024"]
[Site "Kfar Saba"]
[Date "2024.04.21"]
[Round "7.14"]
[White "Cohen, Israel"]
[Black "Roth, Elai"]
[Result "1/2-1/2"]
[ECO "D10"]
[WhiteElo "1763"]
[BlackElo "1537"]
[Annotator "NA COMBH"]
[PlyCount "113"]
[EventDate "2024.04.10"]
[EventType "swiss"]
[EventCountry "ISR"]
[SourceTitle "playchess.com"]
[Source "ChessBase"]
[SourceQuality "1"]
[TimeControl "5400+30"]

1. d4 d5 2. c4 c6 3. cxd5 cxd5 4. Nc3 Nf6 5. Bf4 Nc6 6. e3 a6 7. Bd3 Bg4 8. f3 Bh5 9. Nge2 e6 10. Bg3 Bg6 11. Nf4 Bxd3 12. Nxd3 Bd6 13. Bxd6 Qxd6 14. O-O O-O 15. f4 Nd7 16. Rf3 f6 17. Rh3 f5 18. Qh5 Nf6 19. Qh4 h6 20. Rf1 Ne4 21. Rff3 Qe7 22. Qe1 Rf6 23. a3 Rc8 24. Nf2 Nxc3 25. Qxc3 Qd7 26. Nd3 Na7 27. Qe1 Rc2 28. Rf2 Qc8 29. Rhf3 Qc4 30. Qd1 Rxf2 31. Rxf2 Kh7 32. Rc2 Qb3 33. Qd2 b6 34. Rc7 Nb5 35. Nc1 Qa4 36. Rb7 Nd6 37. Rxb6 Ne4 38. Qd3 a5 39. Nb3 Qd7 40. Nxa5 Qc7 41. Rc6 Qxa5 42. Rc1 Rf7 43. b4 Rc7 44. Rb1 Qa4 45. g3 Rc3 46. Qe2 Qxa3 47. Qb2 Rxe3 48. b5 Qxb2 49. Rxb2 Nd6 50. b6 Nb7 51. Rc2 Kg6 52. Rc7 Na5 53. Ra7 Nc6 54. Rc7 Na5 55. Ra7 Nc6 56. Rc7 Na5 57. Ra7 1/2-1/2

[Event "Israel-ch Youth U8-18 2024"]
[Site "Kfar Saba"]
[Date "2024.04.21"]
[Round "7.15"]
[White "Hochman, Gur"]
[Black "Eshkol, Idan"]
[Result "1-0"]
[ECO "C29"]
[WhiteElo "1629"]
[BlackElo "1518"]
[Annotator "NA RC COMBH"]
[PlyCount "121"]
[EventDate "2024.04.10"]
[EventType "swiss"]
[EventCountry "ISR"]
[SourceTitle "playchess.com"]
[Source "ChessBase"]
[SourceQuality "1"]
[TimeControl "5400+30"]

1. e4 e5 2. Nc3 Nf6 3. f4 d5 4. fxe5 Nxe4 5. Qf3 Nxc3 6. dxc3 Bc5 7. Be3 Bxe3 8. Qxe3 Qh4+ 9. g3 Qa4 10. Bd3 Be6 11. Qc5 c6 12. Ne2 Nd7 13. Qe3 O-O-O 14. Nd4 Rde8 15. Nf5 Bxf5 16. Bxf5 g6 17. Bxd7+ Kxd7 18. O-O Rhf8 19. b3 Qe4 20. Qxa7 Kc7 21. Qf2 Re7 22. Rae1 Qg4 23. Qf4 Qxf4 24. gxf4 Rfe8 25. Kg2 Kd7 26. Rd1 Ke6 27. Kf3 Kf5 28. h4 f6 29. Rde1 g5 30. exf6 Rxe1 31. Rxe1 g4+ 32. Kg3 Rf8 33. Re7 b6 34. Rxh7 Rxf6 35. Rh5+ Kg6 36. Rg5+ Kf7 37. Kxg4 Re6 38. Rf5+ Kg7 39. Re5 Rd6 40. h5 d4 41. cxd4 Rxd4 42. Re6 c5 43. Rxb6 Rd2 44. c4 Rxa2 45. b4 cxb4 46. Rxb4 Rc2 47. Rb7+ Kh6 48. Rc7 Rd2 49. c5 Rd7 50. Rc6+ Kg7 51. Kg5 Ra7 52. Rb6 Rd7 53. c6 Rd5+ 54. f5 Rd8 55. Rb7+ Kg8 56. c7 Rc8 57. Rb8 Rxb8 58. cxb8=Q+ Kh7 59. Qb7+ Kg8 60. Kg6 Kh8 61. Qh7# 1-0